 Dungeon Crawl Stone Soup version 0.30-a0-1164-ge08a67761e (webtiles) character file.

Game seed: 16603170532816236162

30 quinnr the Gusty (level 3, 0/19 HPs)
             Began as a Tengu Air Elementalist on Apr 29, 2023.
             Succumbed to an adder's poison
             ... on level 2 of the Dungeon.
             The game lasted 00:02:23 (1273 turns).

quinnr the Gusty (Tengu Air Elementalist)           Turns: 1273, Time: 00:02:24

Health: 0/19       AC:  3    Str:  8    XL:     3   Next: 18%
Magic:  5/7        EV: 12    Int: 17    God:
Gold:   69         SH:  0    Dex: 14    Spells: 5/6 levels left

rFire   + . .        f - staff of fire {!a}
rCold   . . .        (no shield)
rNeg    . . .        a - +1 robe
rPois   .            (helmet restricted)
rElec   .            (no cloak)
rCorr   .            (no gloves)
SInv    .            (boots unavailable)
Will    .....        (no amulet)
Stlth   ++           (no ring)
HPRegen 0.23/turn    (no ring)
MPRegen 0.10/turn

%: no passive effects
@: lethally poisoned (0 -> -3), attractive, flying
A: beak, talons 3, MP-powered wands
a: no special abilities


You were on level 2 of the Dungeon.
You visited 1 branch of the dungeon, and saw 2 of its levels.

You collected 69 gold pieces.


Innate Abilities, Weirdness & Mutations

You have a beak for a mouth.
You have claws for feet.
You expend magic power (3 MP) to strengthen your wands.


   Skills:
 - Level 2.1 Dodging
 - Level 2.0 Stealth
 - Level 2.0 Spellcasting
 - Level 3.0 Conjurations
 + Level 4.9 Air Magic


You had 5 spell levels left.
You knew the following spells:

 Your Spells              Type           Power      Damage    Failure   Level
z - Shock                 Conj/Air       60%        1d6       3%          1

Your spell library contained the following spells:

 Spells                   Type           Power      Damage    Failure   Level
 Static Discharge         Conj/Air       30%        2-4/arc   6%          2
 Swiftness                Air            18%        N/A       8%          3
 Airstrike                Air            9%         2d(2-18)  26%         4

Inventory:

Hand Weapons
 e - a +0 sling
Armour
 a - a +1 robe (worn)
Magical Staves
 f - a staff of fire (weapon) {!a}
Scrolls
 i - a scroll of teleportation {@r2}
 k - a scroll of noise {unknown}
Potions
 b - a potion of magic
 d - a potion of mutation

Dungeon Overview and Level Annotations

Branches:
Dungeon (2/15)

Altars:

#..#.#.# #.#
#.†.#.## #..#
#....#####..#
##.........#
##........#
#.####.)##
#†####..#
#S##....#
#@##.##.#
#.##.##.# ########
#.......# #.......
####.######.#####.
#.##........##.
#....###.##....
###### #.#####.
#.#####. #.......


You could see an adder.


Message History

As you read the scroll labelled TEAFIL WA QEQ, it crumbles to dust.
It is a scroll of enchant armour.
Your +0 robe glows green for a moment.
* * * LOW HITPOINT WARNING * * *
You feel sick. The adder barely misses you.
The adder bites you but does no damage.
As you read the scroll labelled YDACLE HAACUXEF, it crumbles to dust.
It is a scroll of identify.
i - a scroll of teleportation
* * * LOW HITPOINT WARNING * * *
You feel sick. The adder closely misses you.
Casting: Shock (safe; 3% risk of failure)
Confirm with . or Enter, or press ? or * to list all spells.
Aiming: Shock (safe; 3% risk of failure)
Press: ? - help, Shift-Dir - straight line, f - adder
Aim: an adder (53% to hit)
The zap hits the adder.
The adder is heavily wounded.
The zap hits the ball python.
The ball python is moderately wounded.
* * * LOW HITPOINT WARNING * * *
You feel sick. The adder bites you but does no damage.
Casting: Shock (safe; 3% risk of failure)
Confirm with . or Enter, or press ? or * to list all spells.
Aiming: Shock (safe; 3% risk of failure)
Press: ? - help, Shift-Dir - straight line, f/p - adder
Aim: an adder (heavily wounded, 53% to hit)
The zap misses the adder.
The zap hits the ball python.
You kill the ball python!
You die...

Skill      XL: |  1  2  3 |
---------------+----------+-----
Conjurations   | 2 3 |  3.0
Dodging        | |  2.1
Stealth        | |  2.0
Spellcasting   | |  2.0
Air Magic      | |  4.9

Action                     || total
---------------------------++-------
   Cast: Shock             ||    52
    Use: Potion            ||     3
         Scroll            ||     2
 Armour: Robe              ||     4
  Dodge: Dodged            ||    15

Levels and vault maps discovered:
D:1:      ldierk_walled_garden_2, layout_loops_corners
D:2:      layout_loops_cross, minivault_23, chequers_arboretum, minmay_circle_x

Notes
Turn   | Place    | Note
-------+----------+-------------------------------------------
     0 | D:1      | quinnr the Tengu Air Elementalist began the quest for the
                  | Orb.
     0 | D:1      | Reached XP level 1. HP: 10/10 MP: 4/4
   330 | D:1      | Reached skill level 2 in Conjurations
   351 | D:2      | Reached XP level 2. HP: 11/15 MP: 1/6
   866 | D:1      | Reached XP level 3. HP: 19/19 MP: 4/7
  1213 | D:2      | Reached skill level 3 in Conjurations
  1267 | D:2      | Gained mutation: You expend magic power (3 MP) to
                  | strengthen your wands. [potion of mutation]
  1272 | D:2      | HP: 1/19 [poisoned by an adder]
  1273 | D:2      | Succumbed to an adder's poison

Vanquished Creatures
  A dart slug (D:2)
  4 ball pythons
  2 endoplasms
  A giant cockroach (D:1)
  3 goblins
  2 hobgoblins (D:1)
  3 jackals (D:2)
  A quokka (D:2)
  3 bats
  2 frilled lizards (D:2)
  3 kobolds
  A rat (D:1)
26 creatures vanquished.

Vanquished Creatures (others)
  4 toadstools (D:1)
4 creatures vanquished.

Grand Total: 30 creatures vanquished

Table legend: (Time is in decaauts)
 A = Elapsed time spent in this place.
 B = Non-inter-level travel time spent in this place.
 C = Inter-level travel time spent in this place.
 D = Time resting spent in this place.
 E = Time spent auto-exploring this place.
 F = Levels seen in this place.
 G = Mean time per level.
                   A        B        C        D        E       F      G
               +--------+--------+--------+--------+--------+-----+--------+
         Total |   1272 |   1229 |     43 |      3 |   1063 |   2 |  636.0 |
       Dungeon |   1272 |   1229 |     43 |      3 |   1063 |   2 |  636.0 |
               +--------+--------+--------+--------+--------+-----+--------+

Top non-repeatable levels by time:
     D:1: 640 daAuts
     D:2: 631 daAuts

Table legend:
 A = Non-vault XP
 B = Vault XP
 C = Vault XP percentage of total XP
 D = Non-vault monster count
 E = Vault monster count
 F = Vault count percentage of total count
                 A         B        C        D         E       F
            +---------+---------+-------+---------+---------+-------
      Total |      39 |       6 |  13.3 |      22 |       4 |  15.4
            +---------+---------+-------+---------+---------+-------
        D:1 |      17 |       0 |   0.0 |      10 |       0 |   0.0
        D:2 |      22 |       6 |  21.4 |      12 |       4 |  25.0
            +---------+---------+-------+---------+---------+-------

Levels and vault maps discovered:
D:1:      ldierk_walled_garden_2, layout_loops_corners
D:2:      layout_loops_cross, minivault_23, chequers_arboretum, minmay_circle_x
